 Dungeon Crawl Stone Soup version 0.27-a0-1228-gfd60fd639a (webtiles) character file.

Game seed: 9268499701807515173

1894 patchburns1 the Skirmisher (level 9, -10/79 HPs)
             Began as a Djinni Ice Elementalist on June 7, 2021.
             Was a Follower of Fedhas.
             Mangled by a yak (11 damage)
             ... on level 6 of the Dungeon.
             The game lasted 00:47:45 (10071 turns).

patchburns1 the Skirmisher (DjIE)                  Turns: 10071, Time: 00:47:50

Health: -10/79     AC:  7    Str:  7    XL:     9   Next: 37%
Gold:   384        EV: 12    Int: 20    God:    Fedhas [*.....] SH:  0 Dex: 14

rFire    x . .     SeeInvis .   (weapon currently unavailable)
rCold    + + +     Faith    .   (shield currently unavailable)
rNeg     . . .     Spirit   .   (armour currently unavailable)
rPois    ∞         Reflect  .   (helmet currently unavailable)
rElec    .         Harm     .   (cloak currently unavailable)
rCorr    .         Rampage  .   (gloves currently unavailable)
Will     .....                  (boots unavailable)
Stlth    +++.......             y - amulet of the acrobat
HPRegen  0.23/turn              (no ring)
MPRegen  0.00/turn              (no ring)

@: brilliant, about to teleport, ice-form, flying
A: freezing attack, flying, boosted hp, sickness immunity, large, (fire
resistance 2), (cold vulnerability 1), float, innate caster, hp casting, extra
vitality 1
a: End Transformation, Renounce Religion


You were on level 6 of the Dungeon.
You worshipped Fedhas.
Fedhas was aware of your devotion.
You were a creature of crystalline ice.
You visited 2 branches of the dungeon, and saw 8 of its levels.

You collected 384 gold pieces.

Inventory:

Hand Weapons
 e - a +2 antimagic short sword
 p - a +2 dagger of freezing (melded)
 A - a +0 rapier
 C - a +4 flail of venom
 L - a +1 long sword of holy wrath
Missiles
 g - 175 stones
 o - 90 bolts
 B - 61 sling bullets
 D - a throwing net
 K - 6 poisoned darts
 M - 5 boomerangs of dispersal
Armour
 a - a +0 robe
 J - the +1 leather armour of the Eternal Void (melded) {Rampage Str+3 Int+3}
   (You found it on level 6 of the Dungeon)

   It affects your strength (+3).
   It affects your intelligence (+3).
   It bestows one free step when moving towards enemies.
Jewellery
 y - an amulet of the acrobat (around neck)
 E - a ring of protection from fire
Wands
 G - a wand of flame (16)
 H - a wand of paralysis (7)
Scrolls
 b - a scroll of amnesia {unknown}
 c - 2 scrolls of vulnerability
 f - 8 scrolls of identify
 h - a scroll of silence {unknown}
 k - a scroll of acquirement {unknown}
 l - 3 scrolls of immolation
 m - a scroll of teleportation
 q - a scroll of summoning {unknown}
 r - a scroll of fear {unknown}
 t - 2 scrolls of enchant armour {unknown}
 u - a scroll of blinking {unknown}
 w - a scroll of torment {unknown}
 x - a scroll of fog {unknown}
 F - a scroll of noise {unknown}
 I - a scroll of enchant weapon {unknown}
Potions
 d - a potion of heal wounds {unknown}
 i - 2 potions of curing {unknown}
 j - a potion of haste {unknown}
 n - a potion of ambrosia {unknown}
 s - a potion of invisibility {unknown}
 v - a potion of berserk rage {unknown}
 z - 2 potions of brilliance


   Skills:
 * Level 6.3 Fighting
 + Level 5.4 Dodging
 + Level 4.4 Stealth
 * Level 5.4 Spellcasting
 + Level 3.6 Invocations
 + Level 1.1 Evocations


You couldn't memorise any spells.
You knew the following spells:

 Your Spells              Type           Power      Damage    Failure   Level
a - Freeze                Ice            100%       1d11      1%          1
b - Frozen Ramparts       Ice            80%        1d10      3%          3
c - Ozocubu's Armour      Ice            40%        N/A       3%          3
d - Hailstorm             Conj/Ice       40%        3d10      12%         4
e - Metabolic Englaciati  Hex/Ice        20%        N/A       32%         5
f - Sting                 Tmut/Pois      100%       1d8       1%          1
g - Blink                 Tloc           N/A        N/A       1%          2
h - Dazzling Flash        Conj/Hex       80%        N/A       3%          3
i - Ice Form              Ice/Tmut       40%        N/A       12%         4
Your spell library was empty.

Dungeon Overview and Level Annotations

Branches:
Dungeon (7/15)             Temple (1/1) D:5

Altars:
Ashenzari
Cheibriados
Dithmenos
Elyvilon
Fedhas
Gozag
Hepliaklqana
Kikubaaqudgha
Makhleb
Nemelex Xobeh
Okawaru
Qazlal
Ru
Sif Muna
Trog
Uskayaw
Vehumet
Wu Jian
Xom
Yredelemnul
Zin
The Shining One


Innate Abilities, Weirdness & Mutations

You are a creature of crystalline ice.
You have a powerful freezing melee attack.
You are flying.
Your maximum health is increased.
Your armour is entirely melded.
You are incapable of wielding weapons or throwing items.
You are immune to sickness and miasma.
You are immune to poison.
((Your flesh is very heat resistant. (rF++)))
((You are vulnerable to cold. (rC-)))
You float through the air rather than walking.
You learn spells naturally, not from books.
Your magical power is your life essence.
You have superior vitality. (+4 HP)


Message History

You hit the yak. You freeze the yak.
The yak is heavily wounded.
The wall freezes the yak.
The wall freezes the yak!
You hit the yak. You freeze the yak.
The yak is severely wounded.
The wall freezes the yak!
The yak gores you!
The wall freezes the yak.
The yak gores you but does no damage.
Your icy armour and frozen ramparts will break if you move.
Continue?
Okay, then.
You hit the yak. You freeze the yak.
The yak is almost dead.
The wall freezes the yak.
The yak gores you!
The wall freezes the yak. x2
The yak gores you but does no damage.
Your icy armour and frozen ramparts will break if you move.
Continue?
Your icy armour cracks and falls away as you move.
The frozen ramparts melt away as you move.
There is an escape hatch in the ceiling here.
The yak misses you. The yak barely misses you.
A mysterious force pulls you upwards. The hatch slams shut behind you.
As you read the scroll labelled XIUFYTH ZIEDOU, it crumbles to dust.
It is a scroll of identify.
l - 3 scrolls of immolation The yak gores you but does no damage.
The yak gores you! The yak gores you but does no damage.
As you read the scroll of identify, it crumbles to dust.
c - 2 scrolls of vulnerability The yak misses you. x2; The yak gores you!
* * * LOW HITPOINT WARNING * * *
As you read the scroll labelled SOESME HIMEA, it crumbles to dust.
You feel strangely unstable.
It was a scroll of teleportation.
The yak gores you!
* * * LOW HITPOINT WARNING * * *
The yak barely misses you. The yak gores you but does no damage.
It was a potion of brilliance.
You feel clever all of a sudden. The yak gores you but does no damage.
The yak gores you.
* * * LOW HITPOINT WARNING * * *
The yak gores you!
You die...
Fedhas appreciates your contribution to the ecosystem.

......#.######.# #.#
#.# #..#
.....###.......#####.#
#.###..#
....#.#.###..........#
#......## ##.###.##
#.########## ####.[...
#...##.## #.# #..###
[.......# #.# #..#
#...##..###.######
#..#
...............YY#
#..###
##..############Y#
#...<. #..# #Y# #####.
#..# #.# ## #..# #.# #
#..# #.# #####
#..############.##
#....
#................#
#######.###
##.........####..#
#..........
#.##.####.##....#
#.#####.###


You could see 3 yaks.

Vanquished Creatures
  Prince Ribbit (D:6)
  Sigmund (D:2)
  A yak (D:6)
  A wraith (D:6)
  Edmund (D:5)
  A black bear (D:6)
  2 sky beasts
  An ice beast (D:5)
  5 scorpions
  A water moccasin skeleton (D:6)
  A howler monkey (D:5)
  A bullfrog skeleton (D:4)
  3 iguanas
  2 orc wizards (D:6)
  Natasha (thrice) (D:3)
  4 gnolls (D:4)
  4 adders
  3 worms
  5 dart slugs
  5 orcs
  2 ball pythons (D:1)
  7 endoplasms
  2 giant cockroaches
  10 goblins
  5 hobgoblins
  16 jackals
  8 kobolds
  2 quokkas
  2 bats
  7 frilled lizards
  4 rats
111 creatures vanquished.

Notes
Turn   | Place    | Note
-------+----------+-------------------------------------------
     0 | D:1      | patchburns1 the Djinni Ice Elementalist began the quest for
                  | the Orb.
     0 | D:1      | Reached XP level 1. HP: 15/15 MP: 0/0
   121 | D:1      | Upgraded the game from 0.27-a0-1219-g958d993ae5 to
                  | 0.27-a0-1228-gfd60fd639a
   154 | D:1      | Reached XP level 2. HP: 9/21 MP: 0/0
   956 | D:1      | Reached XP level 3. HP: 20/26 MP: 0/0
   956 | D:1      | Learned a level 1 spell: Sting
  1210 | D:1      | Found a faded altar of an unknown god.
  1479 | D:1      | Reached skill level 1 in Fighting
  1992 | D:2      | Reached XP level 4. HP: 29/32 MP: 0/0
  3074 | D:2      | Noticed Sigmund
  3220 | D:2      | Killed Sigmund
  3221 | D:2      | Reached skill level 2 in Fighting
  3221 | D:2      | Reached XP level 5. HP: 22/40 MP: 0/0
  3221 | D:2      | Learned a level 2 spell: Blink
  3221 | D:2      | Reached XP level 6. HP: 25/45 MP: 0/0
  4187 | D:3      | Found a blossoming altar of Fedhas.
  4196 | D:3      | Became a worshipper of Fedhas Madash
  4268 | D:3      | Noticed Natasha
  4282 | D:3      | Killed Natasha
  4283 | D:3      | Reached skill level 3 in Fighting
  4739 | D:3      | Noticed Natasha
  4752 | D:3      | Killed Natasha
  5311 | D:3      | Noticed Natasha
  5331 | D:3      | Killed Natasha
  5704 | D:3      | Found a blossoming altar of Fedhas.
  5896 | D:4      | Noticed a sky beast
  5903 | D:4      | Killed a sky beast
  5904 | D:4      | Reached skill level 1 in Invocations
  5904 | D:4      | Reached XP level 7. HP: 33/50 MP: 0/0
  5904 | D:4      | Learned a level 3 spell: Dazzling Flash
  7077 | D:5      | Entered Level 5 of the Dungeon
  7089 | D:5      | Reached skill level 4 in Fighting
  7213 | D:5      | Reached * piety under Fedhas
  7214 | D:5      | Reached XP level 8. HP: 39/58 MP: 0/0
  7319 | D:5      | Found an ornate altar of the Wu Jian Council.
  7440 | D:5      | Found a hazy altar of Hepliaklqana.
  7473 | D:5      | Noticed Edmund
  7485 | D:5      | Killed Edmund
  8119 | D:5      | Found a staircase to the Ecumenical Temple.
  8157 | D:5      | Reached skill level 5 in Fighting
  8263 | Temple   | Entered the Ecumenical Temple
  8640 | D:6      | Reached skill level 5 in Spellcasting
  8759 | D:6      | Noticed a wraith
  8769 | D:6      | Killed a wraith
  8938 | D:6      | Reached skill level 5 in Dodging
  9020 | D:6      | Reached XP level 9. HP: 65/66 MP: 0/0
  9020 | D:6      | Learned a level 4 spell: Ice Form
  9040 | D:6      | Noticed Prince Ribbit
  9051 | D:6      | Killed Prince Ribbit
  9111 | D:6      | Identified the +1 leather armour of the Eternal Void
                  | {Rampage Str+3 Int+3}
  9179 | D:6      | Found an iron altar of Okawaru.
  9291 | D:6      | Reached skill level 6 in Fighting
  9467 | D:6      | Found a sacrificial altar of Ru.
  9658 | D:6      | Found a broken altar of Ashenzari.
  9813 | D:6      | Reached skill level 1 in Evocations
 10070 | D:6      | HP: 2/79 [yak (13)]
 10071 | D:6      | Mangled by a yak

Illustrated notes

Levels and vault maps discovered:
D:1:      minmay_arrival_pointy, layout_basic, chequers_ecumenical_altar_simple
D:2:      minmay_diamond_boxcup, layout_loops_corners, uniq_sigmund
D:3:      layout_basic, fedhas_altar_1, uniq_natasha
D:4:      layout_basic
D:5:      layout_loops_cross, lemuel_round_altar, amcnicky_altar_gilded,
          temple_hall, uniq_edmund
D:6:      layout_loops_ring, marbit_many_paths, okawaru_metal_pillars_1_2,
          nicolae_ashenzari_skybound, uniq_prince_ribbit1
D:7:      layout_cave_pools
Temple:   eino_temple_rhombus

Skill      XL: |  1  2  3  4  5  6  7  8  9 |
---------------+----------------------------+-----
Fighting       | 1 2 3 4 5 6 |  6.3
Stealth        | 2 3 4 |  4.4
Dodging        | 3 4 5 |  5.4
Spellcasting   | 4 5 |  5.4
Invocations    | 1 2 3 |  3.6
Evocations     | 1 |  1.1

Action                   |  1- 3 |  4- 6 |  7- 9 || total
-------------------------+-------+-------+-------++-------
Melee: Unarmed           |     1 |       |     4 ||     5
       Dagger            |       |    10 |    23 ||    33
 Cast: Freeze            |    25 |     4 |    21 ||    50
       Sting             |    31 |    67 |    76 ||   174
       Frozen Ramparts   |       |     1 |    10 ||    11
       Ozocubu's Armour  |       |     1 |     8 ||     9
       Dazzling Flash    |       |       |     1 ||     1
       Blink             |       |       |     1 ||     1
       Ice Form          |       |       |     1 ||     1
  Use: Scroll            |       |       |     3 ||     3
       Potion            |       |       |     1 ||     1
 Stab: Sleeping          |       |       |     1 ||     1
Armor: Robe              |     4 |    11 |     9 ||    24
       Skin              |       |       |     7 ||     7
       Leather armour    |       |       |     5 ||     5
Dodge: Dodged            |    19 |    35 |    56 ||   110

Table legend: (Time is in decaauts)
 A = Elapsed time spent in this place.
 B = Non-inter-level travel time spent in this place.
 C = Inter-level travel time spent in this place.
 D = Time resting spent in this place.
 E = Time spent auto-exploring this place.
 F = Levels seen in this place.
 G = Mean time per level.
                   A        B        C        D        E       F      G
               +--------+--------+--------+--------+--------+-----+--------+
         Total |  10072 |   9625 |    447 |   1559 |   6222 |   8 | 1259.0 |
       Dungeon |   9879 |   9449 |    430 |   1559 |   6047 |   7 | 1411.3 |
        Temple |    193 |    176 |     17 |      0 |    175 |   1 |  193.0 |
               +--------+--------+--------+--------+--------+-----+--------+

Top non-repeatable levels by time:
     D:3: 2222 daAuts
     D:2: 1840 daAuts
     D:1: 1817 daAuts
     D:6: 1493 daAuts
     D:5: 1268 daAuts
     D:4: 1197 daAuts
  Temple: 193 daAuts
     D:7: 39 daAuts
